 Dungeon Crawl Stone Soup version 0.29-a0-314-gb00dd7cb4b (webtiles) character file.

Game seed: 2688721173959947158

173 GordonOverkill the Shooter (level 5, -7/32 HPs)
             Began as a Deep Elf Hunter on Mar 29, 2022.
             Killed from afar by Robin (32 damage)
             ... with a bolt of acid
             ... on level 3 of the Dungeon.
             The game lasted 00:06:50 (3531 turns).

GordonOverkill the Shooter (Deep Elf Hunter)        Turns: 3531, Time: 00:06:50

Health: -7/32      AC:  0    Str: 10    XL:     5   Next: 28%
Magic:  7/7        EV: 13    Int: 14    God:
Gold:   750        SH:  0    Dex: 18    Spells: 4/4 levels left

rFire   . . .      SeeInvis .   a - +1 shortbow
rCold   . . .      Faith    .   (shield currently unavailable)
rNeg    . . .      Spirit   .   h - +2 robe {Will+}
rPois   .          Reflect  .   (no helmet)
rElec   .          Harm     .   (no cloak)
rCorr   .          Rampage  .   (no gloves)
Will    +....                   (no boots)
Stlth   ++........              (no amulet)
HPRegen 0.10/turn               (no ring)
MPRegen 0.10/turn               (no ring)

@: corroded
A: no striking features
a: no special abilities


You were on level 3 of the Dungeon.
You visited 1 branch of the dungeon, and saw 4 of its levels.

You collected 750 gold pieces.

Inventory:

Hand Weapons
 a - a +1 shortbow (weapon)
Armour
 h - a +2 robe of willpower (worn)
Scrolls
 c - 2 scrolls of immolation
Potions
 b - a potion of resistance
 d - 2 potions of mutation {unknown}
 e - a potion of brilliance {unknown}
 f - a potion of magic {unknown}
 i - a potion of curing
 j - a potion of lignification {unknown}
 k - a potion of flight


   Skills:
 + Level 2.8 Fighting
 * Level 7.8 Bows
 - Level 2.4 Dodging
 - Level 1.2 Stealth


You had 4 spell levels left.
You didn't know any spells.
Your spell library contained the following spells:

 Spells                   Type           Power      Damage    Failure   Level
 Animate Skeleton         Necr           0%         N/A       28%         1
 Apportation              Tloc           0%         N/A       28%         1
 Summon Small Mammal      Summ           0%         N/A       28%         1


Dungeon Overview and Level Annotations

Branches:
Dungeon (4/15)
 Temple: D:4-7

Altars:
Dithmenos

Annotations:
D:3 Robin, Terence


Message History

You climb upwards.
There is a stone staircase leading down here.
You shoot an arrow. The arrow hits the goblin.
The goblin is heavily wounded.
The goblin hits you with a +0 dagger.
You are too injured to fight recklessly!
You are too injured to fight recklessly!
You are too injured to fight recklessly!
You are too injured to fight recklessly!
You are too injured to fight recklessly!
Shoot: a) +1 shortbow
Press: ? - help, Q - select action Shift-Dir - straight line, f/p - goblin
Aim: a goblin, wielding a +0 dagger (moderately wounded, 60% to hit)
You can't see any item there.
You shoot an arrow. The arrow hits the goblin.
The goblin is severely wounded.
The goblin hits you but does no damage.
Shoot: a) +1 shortbow
Press: ? - help, Q - select action Shift-Dir - straight line, f/p - goblin
Aim: a goblin, wielding a +0 dagger (severely wounded, 60% to hit)
You shoot an arrow. The arrow hits the goblin.
You kill the goblin!
Shoot: a) +1 shortbow
Press: ? - help, Q - select action Shift-Dir - straight line, f - you Really target yourself?
Okay, then.
You start resting.
HP restored.
There is an open door here.
There is a stone staircase leading down here.
You climb downwards.
Level annotation: Robin, Terence
There is a stone staircase leading up here.
There is an open door, spattered with blood here.
Robin is nearby!
Robin zaps a wand.
The bolt of acid misses you.
Robin zaps a wand.
The bolt of acid hits you! The acid corrodes you!
Robin zaps a wand.
The bolt of acid hits you!!
Ouch! That really hurt!
You die...

####.##########.###.....#
####g# #.# #.###.# ...#.# #.#
#.###.# ##.#.# #.###..##.#
...#g##########.........######
...#..........######.##......#
.#.#####......# #.##......#
.#.#####......######..#......#
).)..)).......'.@...g........#
########......#######........#
..............########..######
.########.....##.....#...# .#
#.....##.###.#.#.# .#
########.#.......# .#
####.#..###..## .#
#....#....#...# .#
###.##.##.#.#...#


You could see Robin.

Vanquished Creatures
  An orc priest (D:2)
  Jessica (D:3)
  3 adders (D:3)
  A worm (D:2)
  5 dart slugs
  4 orcs
  9 bats
  4 endoplasms
  6 giant cockroaches
  11 goblins
  4 hobgoblins
  2 jackals (D:2)
  5 quokkas
  5 ball pythons
  2 frilled lizards (D:1)
  2 kobolds (D:1)
  5 rats
70 creatures vanquished.

Notes
Turn   | Place    | Note
-------+----------+-------------------------------------------
     0 | D:1      | GordonOverkill the Deep Elf Hunter began the quest for the
                  | Orb.
     0 | D:1      | Reached XP level 1. HP: 12/12 MP: 3/3
   254 | D:1      | Reached XP level 2. HP: 17/17 MP: 4/4
   421 | D:1      | Reached skill level 6 in Bows
   438 | D:1      | Found a shadowy altar of Dithmenos.
   650 | D:1      | Reached XP level 3. HP: 21/21 MP: 5/5
  1408 | D:2      | Found a faded altar of an unknown god.
  1782 | D:2      | Reached XP level 4. HP: 24/27 MP: 6/6
  1826 | D:2      | Reached skill level 7 in Bows
  2160 | D:3      | Noticed Jessica
  2161 | D:3      | Killed Jessica
  2230 | D:3      | Noticed Robin
  2510 | D:3      | Reached XP level 5. HP: 31/31 MP: 7/7
  2638 | D:3      | Noticed Terence
  2680 | D:3      | Identified a scroll of acquirement
  2680 | D:3      | Acquired 628 gold pieces
  3531 | D:3      | Killed from afar by Robin

Illustrated notes

Levels and vault maps discovered:
D:1:      dpeg_arrival_orchard, layout_loops_corners, minmay_hexomino_r4
D:2:      cheibrodos_old_hovel, layout_basic, shapermc_ecumenical_altar_petra
D:3:      layout_basic, uniq_robin, uniq_terence, uniq_jessica
D:4:      layout_basic, nicolae_hepliaklqana_hazy_memory,
          minmay_temple_entry_wispy, serial_shops, shop

Skill      XL: |  1  2  3  4 |
---------------+-------------+-----
Bows           | 6 7 |  7.8
Fighting       | 2 |  2.8
Dodging        | |  2.4
Stealth        | |  1.2

Action                   |  1- 3 |  4- 6 || total
-------------------------+-------+-------++-------
 Fire: Shortbow          |    88 |    96 ||   184
  Use: Scroll            |       |     4 ||     4
       Potion            |       |     2 ||     2
Armor: Robe              |     7 |    17 ||    24
       Ring mail         |     1 |       ||     1
Dodge: Dodged            |    15 |    37 ||    52

Table legend: (Time is in decaauts)
 A = Elapsed time spent in this place.
 B = Non-inter-level travel time spent in this place.
 C = Inter-level travel time spent in this place.
 D = Time resting spent in this place.
 E = Time spent auto-exploring this place.
 F = Levels seen in this place.
 G = Mean time per level.
                   A        B        C        D        E       F      G
               +--------+--------+--------+--------+--------+-----+--------+
         Total |   3579 |   3317 |    262 |    707 |   1783 |   4 |  894.8 |
       Dungeon |   3579 |   3317 |    262 |    707 |   1783 |   4 |  894.8 |
               +--------+--------+--------+--------+--------+-----+--------+

Top non-repeatable levels by time:
     D:2: 1383 daAuts
     D:3: 1207 daAuts
     D:1: 966 daAuts
     D:4: 21 daAuts
